General information
- name: BNet
- type: Ladder team game (AT/RT)
- host: Battle.net
- saver: Blahsmack
map: Highperch
- players: 6
- length: 103:47
- speed: Fast
- version: 1.21 W3XP
- replay type: Public
» download(292 KB)
Players
team 1 (winner)

»
KLIN00 (
orange | 20 APM | 2077 actions | 103:42)
4 Tauren Chieftain
2 War Stomp
2 Endurance Aura
» actions
| Assign group hotkey | 22 | |
| Basic commands | 12 | |
| Build / train | 67 | |
| Enter build submenu | 15 | |
| Enter hero's abilities submenu | 4 | |
| Give item / drop item | 1 | |
| Right click | 628 | |
| Select / deselect | 791 | |
| Select group hotkey | 475 | |
| Use ability | 62 | |
2077 total
» units
| Peon | 8 | |
| Grunt | 6 | |
| Shaman | 5 | |
| Raider | 5 | |
| Wind Rider | 1 | |
| Troll Batrider | 11 | |
36 total
» upgrades
| Berserker Strength | 1 | |
| Shaman Training | 2 | |
| Armor | 3 | |
| Pillage | 1 | |
| Melee Weapons | 1 | |
| Ensnare | 1 | |
| Ranged Weapons | 2 | |
| Liquid Fire | 1 | |
12 total
» buildings
| Altar of Storms | 1 | |
| Orc Burrow | 7 | |
| Barracks | 1 | |
| Voodoo Lounge | 1 | |
| Stronghold | 1 | |
| War Mill | 1 | |
| Spirit Lodge | 1 | |
| Fortress | 1 | |
| Beastiary | 2 | |
16 total
» build order
00:17 Altar of Storms
00:23 Orc Burrow
01:20 Barracks
01:34 Orc Burrow
01:52 Voodoo Lounge
02:46 Stronghold
03:50 Orc Burrow
04:28 War Mill
05:41 Spirit Lodge
05:45 Fortress
07:06 Orc Burrow
08:30 Beastiary
11:15 Beastiary
11:57 Orc Burrow
15:35 Orc Burrow
16:36 Orc Burrow
» items
| Lesser Clarity Potion | 4 | |
| Healing Salve | 4 | |
| Orb of Lightning | 1 | |
| Scroll of Town Portal | 1 | |
10 total
oMiZzLe_iZzL3 (
blue | 17 APM | 761 actions | 45:01)
5 Blademaster
1 Wind Walk
3 Critical Strike
1 Mirror Image
» actions
| Assign group hotkey | 11 | |
| Build / train | 49 | |
| Enter build submenu | 19 | |
| Enter hero's abilities submenu | 5 | |
| Right click | 260 | |
| Select / deselect | 382 | |
| Select group hotkey | 13 | |
| Use ability | 21 | |
761 total
» units
| Peon | 10 | |
| Grunt | 9 | |
| Shaman | 8 | |
| Tauren | 6 | |
33 total
» upgrades
| Berserker Strength | 1 | |
| Shaman Training | 2 | |
| Melee Weapons | 1 | |
| Spiked Barricades | 1 | |
| Armor | 2 | |
| Pulverize | 1 | |
8 total
» buildings
| Barracks | 1 | |
| Orc Burrow | 8 | |
| Altar of Storms | 1 | |
| Stronghold | 1 | |
| War Mill | 1 | |
| Fortress | 1 | |
| Spirit Lodge | 1 | |
| Voodoo Lounge | 1 | |
| Tauren Totem | 2 | |
| Watch Tower | 1 | |
18 total
» build order
00:13 Barracks
00:19 Orc Burrow
00:56 Altar of Storms
01:55 Orc Burrow
03:19 Orc Burrow
04:34 Stronghold
04:49 War Mill
07:24 Orc Burrow
07:35 Fortress
07:39 Spirit Lodge
07:50 Voodoo Lounge
10:09 Tauren Totem
10:21 Tauren Totem
12:44 Orc Burrow
13:52 Orc Burrow
14:43 Orc Burrow
14:59 Watch Tower
17:08 Orc Burrow
Blahsmack (
green | 35 APM | 3623 actions | 103:47)
7 Archmage
3 Blizzard
3 Brilliance Aura
1 Mass Teleport
3 Goblin Tinker
1 Pocket Factory
2 Engineering Upgrade
» actions
| Assign group hotkey | 2 | |
| Basic commands | 175 | |
| Build / train | 191 | |
| Enter build submenu | 66 | |
| Enter hero's abilities submenu | 9 | |
| Give item / drop item | 1 | |
| Remove unit from queue | 1 | |
| Right click | 2148 | |
| Select / deselect | 686 | |
| Select group hotkey | 3 | |
| Use ability | 341 | |
3623 total
» units
| Peasant | 20 | |
| Sorceress | 4 | |
| Dragonhawk Rider | 14 | |
38 total
» upgrades
| Masonry | 3 | |
| Lumber Harvesting | 2 | |
| Magic Sentry | 1 | |
| Sorceress Training | 2 | |
| Cloud | 1 | |
| Swords | 3 | |
| Armor | 3 | |
| Animal War Training | 1 | |
16 total
» buildings
| Altar of Kings | 1 | |
| Lumber Mill | 5 | |
| Farm | 17 | |
| Arcane Vault | 4 | |
| Scout Tower | 105 | |
| Guard Tower | 106 | |
| Blacksmith | 2 | |
| Keep | 2 | |
| Barracks | 1 | |
| Town Hall | 2 | |
| Arcane Sanctum | 1 | |
| Arcane Tower | 3 | |
| Gryphon Aviary | 3 | |
| Castle | 1 | |
253 total
» build order
00:14 Altar of Kings
00:22 Lumber Mill
00:29 Lumber Mill
00:35 Farm
00:58 Farm
01:20 Arcane Vault
01:36 Farm
01:40 Farm
01:56 Scout Tower
01:57 Scout Tower
01:59 Scout Tower
01:59 Scout Tower
02:00 Scout Tower
02:01 Scout Tower
02:23 Scout Tower
02:38 Scout Tower
02:38 Scout Tower
02:40 Scout Tower
03:05 Guard Tower
03:05 Guard Tower
03:06 Guard Tower
03:12 Guard Tower
03:12 Guard Tower
03:12 Guard Tower
03:25 Guard Tower
03:25 Guard Tower
03:41 Guard Tower
03:55 Lumber Mill
04:03 Blacksmith
04:34 Keep
05:49 Scout Tower
05:50 Scout Tower
05:51 Scout Tower
05:51 Scout Tower
05:52 Scout Tower
05:53 Scout Tower
05:58 Barracks
06:06 Blacksmith
06:21 Scout Tower
06:23 Farm
06:24 Farm
06:26 Scout Tower
06:30 Farm
06:31 Farm
07:28 Town Hall
07:35 Scout Tower
07:36 Scout Tower
07:37 Scout Tower
07:41 Scout Tower
08:06 Guard Tower
08:06 Guard Tower
08:10 Scout Tower
08:14 Scout Tower
08:21 Guard Tower
08:22 Guard Tower
08:34 Guard Tower
08:34 Guard Tower
08:48 Arcane Sanctum
08:56 Guard Tower
08:57 Guard Tower
08:57 Guard Tower
09:02 Guard Tower
09:03 Guard Tower
09:03 Guard Tower
09:16 Scout Tower
09:17 Scout Tower
09:18 Scout Tower
09:19 Scout Tower
09:20 Scout Tower
09:20 Scout Tower
09:40 Guard Tower
09:40 Guard Tower
09:40 Guard Tower
09:41 Guard Tower
09:42 Guard Tower
09:42 Guard Tower
09:52 Guard Tower
09:53 Guard Tower
09:56 Guard Tower
09:56 Guard Tower
10:06 Guard Tower
10:06 Guard Tower
10:07 Guard Tower
10:12 Guard Tower
10:13 Guard Tower
10:16 Guard Tower
10:17 Guard Tower
10:17 Guard Tower
10:19 Guard Tower
10:19 Guard Tower
10:19 Guard Tower
10:22 Guard Tower
10:22 Guard Tower
10:22 Guard Tower
10:29 Guard Tower
10:30 Guard Tower
10:30 Guard Tower
10:36 Guard Tower
10:36 Guard Tower
10:45 Arcane Vault
11:58 Arcane Tower
12:04 Gryphon Aviary
12:05 Gryphon Aviary
12:16 Scout Tower
12:17 Scout Tower
12:18 Scout Tower
12:19 Scout Tower
12:19 Scout Tower
12:20 Scout Tower
12:24 Scout Tower
12:25 Scout Tower
12:25 Scout Tower
12:26 Scout Tower
12:27 Scout Tower
12:28 Scout Tower
12:36 Arcane Vault
12:42 Scout Tower
12:43 Scout Tower
12:44 Scout Tower
12:45 Scout Tower
12:48 Scout Tower
12:50 Scout Tower
12:55 Guard Tower
12:55 Guard Tower
12:57 Guard Tower
13:00 Castle
13:23 Guard Tower
13:24 Guard Tower
13:24 Guard Tower
13:26 Guard Tower
13:27 Guard Tower
13:54 Guard Tower
13:54 Guard Tower
13:54 Guard Tower
13:57 Guard Tower
13:57 Guard Tower
14:36 Guard Tower
18:08 Town Hall
18:12 Scout Tower
18:13 Scout Tower
18:14 Scout Tower
18:15 Scout Tower
18:15 Scout Tower
18:16 Scout Tower
18:18 Scout Tower
18:19 Scout Tower
18:20 Scout Tower
18:20 Scout Tower
18:21 Scout Tower
18:22 Scout Tower
18:27 Scout Tower
18:28 Scout Tower
18:30 Scout Tower
18:30 Scout Tower
18:31 Scout Tower
18:32 Scout Tower
18:46 Guard Tower
19:28 Guard Tower
19:28 Guard Tower
20:19 Lumber Mill
25:06 Scout Tower
25:13 Scout Tower
25:15 Scout Tower
25:23 Scout Tower
25:24 Scout Tower
25:24 Scout Tower
25:28 Gryphon Aviary
25:50 Guard Tower
25:54 Scout Tower
25:57 Scout Tower
25:58 Scout Tower
25:59 Scout Tower
26:00 Scout Tower
26:00 Scout Tower
26:01 Scout Tower
26:23 Guard Tower
26:30 Scout Tower
26:31 Scout Tower
26:32 Scout Tower
26:42 Arcane Vault
26:45 Guard Tower
27:33 Guard Tower
27:35 Guard Tower
27:39 Scout Tower
27:40 Scout Tower
27:41 Scout Tower
28:20 Scout Tower
28:21 Scout Tower
28:25 Scout Tower
28:27 Scout Tower
28:32 Scout Tower
28:32 Scout Tower
28:38 Guard Tower
28:52 Lumber Mill
29:05 Guard Tower
29:07 Guard Tower
29:12 Scout Tower
29:37 Guard Tower
30:04 Farm
30:22 Guard Tower
30:25 Scout Tower
31:05 Guard Tower
31:06 Guard Tower
31:33 Farm
31:49 Scout Tower
31:50 Scout Tower
32:17 Farm
32:20 Farm
32:34 Guard Tower
32:41 Guard Tower
34:03 Farm
34:10 Farm
36:24 Farm
37:47 Scout Tower
37:48 Scout Tower
37:52 Scout Tower
37:54 Scout Tower
38:19 Guard Tower
38:42 Guard Tower
38:42 Guard Tower
38:47 Scout Tower
39:20 Arcane Tower
39:23 Scout Tower
39:34 Guard Tower
40:31 Arcane Tower
40:35 Farm
40:36 Farm
42:25 Scout Tower
42:26 Scout Tower
42:29 Scout Tower
42:31 Scout Tower
42:52 Guard Tower
43:25 Guard Tower
43:25 Guard Tower
43:26 Guard Tower
» items
| Scroll of Regeneration | 1 | |
| Staff of Teleportation | 1 | |
| Boots of Speed | 1 | |
| Tiny Great Hall | 1 | |
| Scroll of Town Portal | 4 | |
| Orb of Fire | 1 | |
9 total
team 2 (loser)
Bigdiezel (
yellow | 15 APM | 902 actions | 61:29)
4 Blademaster
1 Mirror Image
2 Critical Strike
1 Wind Walk
5 Dark Ranger
3 Black Arrow
2 Life Drain
» actions
| Basic commands | 20 | |
| Build / train | 77 | |
| Enter build submenu | 28 | |
| Enter hero's abilities submenu | 9 | |
| Right click | 314 | |
| Select / deselect | 365 | |
| Use ability | 89 | |
902 total
» units
| Peon | 11 | |
| Grunt | 16 | |
| Shaman | 14 | |
| Tauren | 7 | |
| Harpy Rogue | 2 | |
| Harpy Windwitch | 3 | |
53 total
» upgrades
| Armor | 3 | |
| Melee Weapons | 3 | |
| Spiked Barricades | 2 | |
| Berserker Strength | 1 | |
| Shaman Training | 2 | |
11 total
» buildings
| Altar of Storms | 1 | |
| Orc Burrow | 6 | |
| War Mill | 1 | |
| Barracks | 1 | |
| Watch Tower | 7 | |
| Great Hall | 4 | |
| Stronghold | 1 | |
| Spirit Lodge | 1 | |
| Fortress | 1 | |
| Tauren Totem | 1 | |
24 total
» build order
00:18 Altar of Storms
00:24 Orc Burrow
01:01 War Mill
01:27 Barracks
02:13 Orc Burrow
03:11 Watch Tower
03:29 Watch Tower
04:23 Orc Burrow
04:43 Watch Tower
05:11 Orc Burrow
06:15 Great Hall
06:36 Great Hall
06:49 Watch Tower
07:12 Stronghold
07:22 Watch Tower
08:45 Orc Burrow
09:53 Watch Tower
11:50 Spirit Lodge
13:30 Fortress
16:18 Watch Tower
16:38 Orc Burrow
17:50 Tauren Totem
32:28 Great Hall
34:21 Great Hall

»
Duller (
purple | 19 APM | 1938 actions | 100:15)
6 Paladin
3 Holy Light
1 Devotion Aura
1 Divine Shield
1 Resurrection
6 Mountain King
3 Storm Bolt
1 Thunder Clap
1 Bash
1 Avatar
» actions
| Assign group hotkey | 39 | |
| Basic commands | 54 | |
| Build / train | 99 | |
| Enter build submenu | 34 | |
| Enter hero's abilities submenu | 12 | |
| Give item / drop item | 3 | |
| Remove unit from queue | 5 | |
| Right click | 511 | |
| Select / deselect | 500 | |
| Select group hotkey | 568 | |
| Use ability | 113 | |
1938 total
» units
| Peasant | 10 | |
| Footman | 5 | |
| Rifleman | 3 | |
| Gryphon Rider | 14 | |
| Knight | 3 | |
| Mortar Team | 3 | |
| Dragonhawk Rider | 8 | |
46 total
» upgrades
| Defend | 1 | |
| Swords | 3 | |
| Storm Hammers | 1 | |
| Lumber Harvesting | 2 | |
| Animal War Training | 1 | |
| Armor | 3 | |
| Masonry | 1 | |
| Plating | 1 | |
| Flare | 1 | |
| Cloud | 1 | |
15 total
» buildings
| Altar of Kings | 1 | |
| Farm | 14 | |
| Barracks | 1 | |
| Scout Tower | 13 | |
| Lumber Mill | 1 | |
| Arcane Tower | 1 | |
| Guard Tower | 10 | |
| Arcane Vault | 1 | |
| Keep | 2 | |
| Blacksmith | 1 | |
| Castle | 2 | |
| Gryphon Aviary | 2 | |
| Town Hall | 2 | |
| Workshop | 1 | |
52 total
» build order
00:21 Altar of Kings
00:28 Farm
00:31 Farm
00:43 Barracks
01:40 Scout Tower
01:51 Lumber Mill
02:01 Farm
02:11 Arcane Tower
02:47 Scout Tower
03:16 Guard Tower
03:21 Arcane Vault
03:37 Keep
04:25 Blacksmith
05:43 Farm
06:01 Castle
06:05 Farm
06:56 Farm
06:57 Farm
07:11 Gryphon Aviary
07:25 Gryphon Aviary
11:13 Farm
11:18 Farm
13:59 Town Hall
14:30 Farm
15:43 Scout Tower
15:45 Scout Tower
16:11 Guard Tower
16:17 Farm
16:39 Guard Tower
16:59 Scout Tower
17:01 Scout Tower
17:49 Guard Tower
18:07 Guard Tower
18:11 Scout Tower
18:43 Guard Tower
18:48 Scout Tower
20:27 Guard Tower
21:55 Scout Tower
21:58 Scout Tower
22:20 Keep
22:28 Guard Tower
24:10 Scout Tower
24:13 Scout Tower
24:14 Scout Tower
24:41 Guard Tower
24:43 Castle
25:05 Guard Tower
25:18 Workshop
26:19 Farm
26:20 Farm
29:53 Farm
31:40 Town Hall
» items
| Scroll of Regeneration | 3 | |
| Staff of Teleportation | 1 | |
4 total
stardoggy (
teal | 7 APM | 767 actions | 103:41)
3 Dark Ranger
2 Black Arrow
1 Life Drain
3 Priestess of the Moon
2 Trueshot Aura
1 Searing Arrows
» actions
| Assign group hotkey | 9 | |
| Build / train | 98 | |
| Enter build submenu | 24 | |
| Enter hero's abilities submenu | 6 | |
| Right click | 287 | |
| Select / deselect | 216 | |
| Select group hotkey | 75 | |
| Use ability | 52 | |
767 total
» units
| Wisp | 17 | |
| Archer | 23 | |
| Druid of the Claw | 2 | |
| Mountain Giant | 2 | |
| Dryad | 6 | |
| Glaive Thrower | 5 | |
| Hippogryph | 3 | |
| Chimaera | 11 | |
69 total
» upgrades
| Strength of the Moon | 3 | |
| Moon Armor | 2 | |
| Vorpal Blades | 1 | |
| Improved Bows | 1 | |
| Druid of the Claw Training | 1 | |
| Abolish Magic | 1 | |
| Hardened Skin | 1 | |
| Resistant Skin | 1 | |
| Corrosive Breath | 1 | |
12 total
» buildings
| Altar of Elders | 1 | |
| Moon Well | 9 | |
| Ancient of War | 2 | |
| Hunter's Hall | 1 | |
| Tree of Ages | 2 | |
| Ancient of Wonders | 1 | |
| Tree of Life | 3 | |
| Ancient of Lore | 1 | |
| Tree of Eternity | 2 | |
| Ancient of Wind | 1 | |
| Chimaera Roost | 3 | |
26 total
» build order
00:28 Altar of Elders
00:40 Moon Well
00:57 Ancient of War
01:37 Moon Well
02:36 Moon Well
02:46 Hunter's Hall
03:17 Ancient of War
03:40 Moon Well
06:53 Tree of Ages
07:07 Ancient of Wonders
08:37 Tree of Life
09:28 Ancient of Lore
12:13 Tree of Eternity
12:52 Ancient of Wind
13:02 Moon Well
23:45 Tree of Life
24:03 Moon Well
27:42 Tree of Ages
27:58 Moon Well
30:05 Tree of Eternity
33:46 Tree of Life
38:30 Chimaera Roost
39:08 Chimaera Roost
39:58 Chimaera Roost
42:38 Moon Well
44:57 Moon Well
» items
| Orb of Venom | 1 | |
| Moonstone | 1 | |
| Potion of Healing | 1 | |
| Potion of Mana | 1 | |
| Scroll of Town Portal | 1 | |
5 total
Chat log
(02:16 / Allies) oMiZzLe_iZzL3: plan?
(02:22 / Allies) oMiZzLe_iZzL3: rush?
(04:22 / Allies) oMiZzLe_iZzL3: take item
(04:54 / Allies) Blahsmack: come
(04:55 / Allies) Blahsmack: tank
(08:36 / Allies) oMiZzLe_iZzL3: we need aa
(11:16 / Allies) Blahsmack: come
(11:17 / Allies) Blahsmack: help
(11:17 / Allies) oMiZzLe_iZzL3: go
(11:21 / Allies) Blahsmack: help
(11:52 / Allies) Blahsmack: get bats
(12:14 / Allies) oMiZzLe_iZzL3: wood plz
(12:26 / Allies) oMiZzLe_iZzL3: getting shaman with bloodlust tauren
(13:38 / Allies) oMiZzLe_iZzL3: wood plz
(15:39 / Allies) oMiZzLe_iZzL3: green u got gold
(15:44 / Allies) oMiZzLe_iZzL3: ?
(15:49 / Allies) Blahsmack: look at my building
(15:51 / Allies) Blahsmack: my main
(15:55 / Allies) Blahsmack: does it look like i got gold
(16:02 / Allies) oMiZzLe_iZzL3: gimme like 200
(16:06 / Allies) oMiZzLe_iZzL3: yea u have 2 mines
(17:23 / Allies) KLIN00: 慢慢等書ㄅ
(17:52 / Allies) Blahsmack: yea
(18:33 / Allies) oMiZzLe_iZzL3: we need more aa
(19:47 / Allies) oMiZzLe_iZzL3: aaa
(19:49 / Allies) Blahsmack: orange does nothing
(19:51 / Allies) Blahsmack: what a fgagot
(19:52 / Allies) Blahsmack: orange
(19:54 / Allies) Blahsmack: wake up
(20:23 / Allies) Blahsmack: orange
(20:27 / Allies) oMiZzLe_iZzL3: gg
(20:27 / Allies) Blahsmack: you could ahve killed all of purples
(20:28 / Allies) Blahsmack: aa
(20:36 / Allies) oMiZzLe_iZzL3: retard
(20:37 / Allies) Blahsmack: and blue could ahev taken otut he ground
(20:37 / Allies) KLIN00: 白痴 打法
(20:38 / Allies) Blahsmack: but instyead
(20:43 / Allies) Blahsmack: you played like a faggot
(22:07 / Allies) KLIN00: 慢慢龜縮到死ㄅ
(22:23 / Allies) oMiZzLe_iZzL3: dam green so much gold but no units
(22:27 / Allies) oMiZzLe_iZzL3: not smart
(22:35 / Allies) Blahsmack: too many units makes taxes
(23:07 / Allies) oMiZzLe_iZzL3: how did u get there? lol\
(23:16 / Allies) Blahsmack: you dont know how the game works
(23:17 / Allies) Blahsmack: do you
(23:33 / Allies) oMiZzLe_iZzL3: gueees not
(23:50 / Allies) oMiZzLe_iZzL3: how did u get ther?
(23:54 / Allies) Blahsmack: watch him
(23:57 / Allies) Blahsmack: watch him closely
(24:15 / Allies) oMiZzLe_iZzL3: wtf
(25:18 / Allies) Blahsmack: pool me
(25:19 / Allies) Blahsmack: gold
(26:29 / Allies) oMiZzLe_iZzL3: orange give him ur gold
(27:27 / Allies) oMiZzLe_iZzL3: dam dude i always lose at this game
(27:43 / Allies) oMiZzLe_iZzL3: cuz my team never has units
(27:45 / Allies) Blahsmack: your not playing to win
(27:56 / Allies) Blahsmack: it doesnt matter about the armies size
(27:57 / Allies) oMiZzLe_iZzL3: ?
(27:59 / Allies) Blahsmack: its how you use
(28:15 / Allies) oMiZzLe_iZzL3: r u gunna win this?
(28:24 / Allies) oMiZzLe_iZzL3: ?
(28:33 / Allies) KLIN00: 白目打法
(28:39 / Allies) oMiZzLe_iZzL3: go attack and distract
(28:41 / Allies) KLIN00: 逼對方跳
(29:19 / All) Duller: not this shit again green
(29:29 / Allies) oMiZzLe_iZzL3: green how did u get up therr in the first placee?
(29:41 / All) Duller: tinker walked up eh
(29:55 / All) Blahsmack: blues what we call new to the game
(30:13 / All) Duller: make air
(30:13 / All) oMiZzLe_iZzL3: yet i had the only army
(30:15 / All) oMiZzLe_iZzL3: lol
(30:28 / All) oMiZzLe_iZzL3: green is middle of map
(30:33 / All) oMiZzLe_iZzL3: right side
(30:37 / All) Duller: we know
(30:40 / All) Blahsmack: blue
(30:43 / All) Blahsmack: youre sucha noob
(30:49 / All) Blahsmack: you are so unaware
(30:51 / All) Duller: i flared him
(30:52 / All) Blahsmack: of so many things
(30:59 / All) oMiZzLe_iZzL3: dude fuck u
(31:13 / All) Blahsmack: youre only angry becuase iam right
(31:15 / All) oMiZzLe_iZzL3: i had the only army, u just run and make towers?
(31:20 / All) Blahsmack: and you disagree
(31:27 / All) oMiZzLe_iZzL3: ur not helpful in anyway
(31:33 / All) oMiZzLe_iZzL3: ur gunna get raped
(31:40 / All) oMiZzLe_iZzL3: u had no army
(31:55 / All) Duller: take that one yellow
(32:56 / All) oMiZzLe_iZzL3: green do u plan on winning?
(33:09 / All) Blahsmack: blue
(33:14 / All) Blahsmack: go find somethign else to do
(33:18 / All) oMiZzLe_iZzL3: green
(33:18 / All) Blahsmack: instead of sitting here
(33:22 / All) Blahsmack: in front of the computer
(33:31 / All) oMiZzLe_iZzL3: dude i just want to know what the fuck ur doing
(33:34 / All) Blahsmack: go live
(33:37 / All) Blahsmack: go outside
(33:39 / All) oMiZzLe_iZzL3: u go live
(33:43 / All) Blahsmack: have you seen the sun?
(33:46 / All) Blahsmack: its beutiful
(33:53 / All) oMiZzLe_iZzL3: instead of making a superlong gam in w3 noob
(34:11 / Allies) oMiZzLe_iZzL3: ur gunna get raped
(35:57 / All) oMiZzLe_iZzL3: god im watching this cuz i want to know what the fuck ur gunna do
(35:59 / All) Blahsmack: blue you were saying
(36:19 / All) oMiZzLe_iZzL3: answer me this, do u plan on wining?
(36:27 / All) oMiZzLe_iZzL3: honestly
(36:28 / All) Duller: i have more gold than you. and ive done this before with u
(36:33 / All) Blahsmack: what is your definition of winning?
(36:48 / All) oMiZzLe_iZzL3: geating the victory u faggot
(36:56 / All) Blahsmack: so angry
(37:01 / All) Blahsmack: over a video game
(37:03 / All) oMiZzLe_iZzL3: no im not
(37:09 / All) Blahsmack: yes you are
(37:13 / All) oMiZzLe_iZzL3: im actualy calm
(37:14 / All) Blahsmack: if youre not then will let go
(37:18 / All) Blahsmack: and turn off the computer
(37:23 / All) oMiZzLe_iZzL3: just cant understand u
(37:23 / All) Blahsmack: your mind is a blaze with rage
(37:32 / All) Blahsmack: you body and your voice and your eyes dont ahve to show it
(38:35 / All) Bigdiezel: no gold mine
(38:48 / Allies) oMiZzLe_iZzL3: green only has 755 gold
(38:58 / All) Blahsmack: its not about money
(39:02 / All) Blahsmack: its not about power
(39:03 / Allies) oMiZzLe_iZzL3: 5 towers top left
(39:11 / All) Blahsmack: its about finding the will
(39:13 / All) Blahsmack: to stand
(39:14 / Allies) oMiZzLe_iZzL3: bout 6 mid left
(39:16 / All) Blahsmack: and fight
(39:28 / Allies) oMiZzLe_iZzL3: shitload on the bottom
(39:38 / All) Blahsmack: they know you idiot
(39:40 / All) Blahsmack: they cna scan
(39:45 / All) Blahsmack: humans have scna towers
(39:48 / All) Blahsmack: and mortars
(39:55 / All) Blahsmack: farseer orc hero can also scan
(39:59 / All) Blahsmack: please blue shut the fuck up
(40:03 / All) Blahsmack: and go out side
(40:10 / Allies) oMiZzLe_iZzL3: man sum1 rape him plz
(42:33 / All) oMiZzLe_iZzL3: purp are u guna beat hiim?
(42:37 / All) Bigdiezel: has there ever been a stale mate?
(42:55 / All) Duller: yes. ive played against this tool before
(43:03 / All) Blahsmack: tools are useful
(43:07 / All) Blahsmack: tools can build
(43:09 / All) Blahsmack: and repair
(43:12 / All) Blahsmack: and destroy
(43:15 / All) Blahsmack: three things
(43:19 / All) Blahsmack: a sacred trinity
(43:26 / All) oMiZzLe_iZzL3: are u gunna destroy?
(43:45 / Allies) oMiZzLe_iZzL3: green u gunna beat them?
(44:35 / All) Bigdiezel: what a waste of time
(44:40 / All) Blahsmack: what is time
(44:47 / All) oMiZzLe_iZzL3: he has no life
(44:48 / All) Duller: he can only win by doing this
(44:49 / All) Blahsmack: how do you know how much time is worth yellow
(45:00 / All) Blahsmack: if time is so precious why do you distract yourself with games
(45:06 / All) Bigdiezel: its something you have alot of apparently
(45:08 / All) Blahsmack: in the first place
(45:51 / All) Blahsmack: none of you answer me when i ask these questions
(46:03 / All) Duller: because yor boring
(46:09 / All) Duller: your*
(46:47 / All) Blahsmack: boring what is boring
(46:55 / All) Duller: kill off shi you dont need so u can make more chims
(46:57 / All) Blahsmack: what is entertainment
(48:39 / All) Duller: brb . getting on my other comp and playing while im alt tab'ed
(53:52 / All) Blahsmack: duller why are you sucha faggot
(54:16 / All) Blahsmack: honestly lets be honest here who plays long drawn out shitty games like these
(54:19 / All) Blahsmack: the answer
(54:20 / All) Blahsmack: YOU
(54:23 / All) Blahsmack: you do
(54:35 / All) Duller: your boring. so very boring
(55:25 / All) Duller: makemore chims
(58:32 / All) Blahsmack: i know teal mined in upkeep
(58:46 / All) Blahsmack: all gold gone
(58:50 / All) Blahsmack: you fucked up again
(58:54 / All) Blahsmack: duller how do you lose
(58:57 / All) Blahsmack: twice
(60:56 / All) Bigdiezel: guess stalemate then?
(61:35 / All) Blahsmack: yea
(61:38 / All) Blahsmack: dumb faggots
(61:43 / All) Blahsmack: and you know the worst part
(61:50 / All) Blahsmack: you lose